 Seeded DCSS version 0.29.1-2-gbd0b4ee654 (webtiles) character file.

Game seed: 20221128 (custom seed)

318 kingsuperguy the Chopper (level 6, -2/56 HPs)
             Began as a Minotaur Berserker on Nov 28, 2022.
             Was a Priest of Trog.
             Slain by Edmund
             ... wielding a +5 vorpal flail
              (12 damage)
             ... on level 4 of the Dungeon.
             The game lasted 00:03:39 (3061 turns).

kingsuperguy the Chopper (Minotaur Berserker)       Turns: 3061, Time: 00:03:39

Health: -2/56      AC:  7    Str: 24    XL:     6   Next: 21%
Magic:  5/5        EV: 10    Int:  4    God:    Trog [***...]
Gold:   192        SH:  0    Dex:  9    Spells: 5/5 levels left

rFire   . . .      SeeInvis .   a - +0 hand axe
rCold   . . .      Faith    .   (no shield)
rNeg    . . .      Spirit   .   g - +0 scale mail
rPois   .          Reflect  .   (helmet restricted)
rElec   .          Harm     .   (no cloak)
rCorr   .          Rampage  .   (no gloves)
Will    .....                   (no boots)
Stlth   ..........              (no amulet)
HPRegen 0.18/turn               (no ring)
MPRegen 0.09/turn               (no ring)

@: on berserk cooldown, slowed, very slow
A: horns 2, retaliatory headbutt
a: Renounce Religion, Berserk, Trog's Hand


You were on level 4 of the Dungeon.
You worshipped Trog.
Trog was most pleased with you.
You visited 1 branch of the dungeon, and saw 4 of its levels.

You collected 192 gold pieces.

Inventory:

Hand Weapons
 a - a +0 hand axe (weapon)
Missiles
 o - 10 poisoned darts (quivered)
Armour
 b - a +0 animal skin
 g - a +0 scale mail (worn)
Jewellery
 r - an amulet of magic regeneration
Scrolls
 f - a scroll of butterflies
 h - a scroll of torment {unknown}
 k - a scroll of blinking {unknown}
 l - a scroll of teleportation {unknown}
 m - 7 scrolls of identify {unknown}
 p - a scroll of magic mapping {unknown}
 q - a scroll of enchant armour {unknown}
Potions
 c - 2 potions of heal wounds {unknown}
 d - 2 potions of ambrosia {unknown}
 e - a potion of attraction {unknown}
 i - a potion of mutation {unknown}
 j - 4 potions of curing {unknown}
 n - a potion of brilliance {unknown}
 s - a potion of cancellation {unknown}
 t - a potion of flight {unknown}


   Skills:
 + Level 5.3 Fighting
 + Level 6.1 Axes
 + Level 4.2 Armour
 + Level 2.9 Dodging
 + Level 0.2 Stealth


You had 5 spell levels left.
You didn't know any spells.
Your spell library was empty.

Dungeon Overview and Level Annotations

Branches:
Dungeon (4/15)
 Temple: D:4-7

Altars:
Yredelemnul
The Shining One

Annotations:
D:4 Duvessa, Edmund, Pikel


Innate Abilities, Weirdness & Mutations

You have a pair of horns on your head.
You reflexively headbutt those who attack you in melee.


Message History

Your butterfly dies!
Your butterfly disappears in a burst of colours!
The jackal attacks as you move away! The jackal closely misses you.
You furiously retaliate!
You headbutt the jackal.
You kill the jackal!
Trog accepts your kill.
The withered plant crumbles away.
The jackal bites your butterfly.
Your butterfly dies!
Your butterfly disappears in a burst of colours!
The jackal barely misses you.
The jackal closely misses your butterfly.
Duvessa rages.
The lemure hits your butterfly.
Your butterfly dies!
Your butterfly disappears in a burst of colours!
The jackal attacks as you move away!
The jackal bites you but does no damage.
The jackal closely misses your butterfly.
The jackal bites the withered plant.
The withered plant begins to crumble.
The jackal barely misses your butterfly.
The jackal bites the withered plant.
The jackal closely misses you.
You swap places.
Found 2 viscous red potions.
Found a stone staircase leading down.
The jackal misses your butterfly.
The jackal bites the withered plant.
The jackal bites you but does no damage.
Duvessa rages.
The jackal bites your butterfly.
Your butterfly dies!
Your butterfly disappears in a burst of colours!
Edmund hits you with a +5 vorpal flail.
* * * LOW HITPOINT WARNING * * *
x2 The goblin barely misses your butterfly.
The lemure barely misses you. You furiously retaliate!
You headbutt the lemure!
The lemure hits the withered plant.
The withered plant begins to crumble.
As you read the scroll of butterflies, it crumbles to dust.
You hear the tinkle of a tiny bell.
The jackal misses your butterfly.
The jackal bites the withered plant.
The withered plant begins to crumble.
The jackal closely misses your butterfly. x2
Edmund hits you with a +5 vorpal flail!
You die...

#............
#..:.......>...!>..
#.................
#.................
.##........b.......
..................#
......).......bbbb#
.......<......b5b.#
...........bbbe@@b#
............bgKhbb#
......<......5hPhb#
...#........5b5..##
.. ##![...#..P.P.#
# #######......#
#....### ######


You could see Edmund (ally target), Pikel, Duvessa (berserk, ally target), 4
lemures, 3 jackals and a goblin.

Vanquished Creatures
  An ice beast (D:3)
  Dowan (D:4)
  Jessica (D:2)
  Robin (D:3)
  4 adders
  2 worms
  3 dart slugs
  5 bats
  9 endoplasms
  A giant cockroach (D:1)
  9 hobgoblins
  7 jackals
  8 kobolds
  8 quokkas
  8 ball pythons
  A frilled lizard (D:1)
  12 goblins
  5 rats
86 creatures vanquished.

Vanquished Creatures (others)
  A withered plant (D:4)
1 creature vanquished.

Grand Total: 87 creatures vanquished

Notes
Turn   | Place    | Note
-------+----------+-------------------------------------------
     0 | D:1      | kingsuperguy the Minotaur Berserker began the quest for the
                  | Orb.
     0 | D:1      | Reached XP level 1. HP: 19/19 MP: 0/0
   217 | D:1      | Found a faded altar of an unknown god.
   281 | D:1      | Reached XP level 2. HP: 27/27 MP: 1/1
   289 | D:1      | Reached skill level 4 in Axes
   603 | D:1      | Reached XP level 3. HP: 32/33 MP: 2/2
   802 | D:2      | Reached ** piety under Trog
  1217 | D:2      | Noticed Jessica
  1224 | D:2      | Killed Jessica
  1225 | D:2      | Reached skill level 5 in Axes
  1225 | D:2      | Reached XP level 4. HP: 41/41 MP: 3/3
  1894 | D:3      | Noticed an ice beast
  1906 | D:3      | Killed an ice beast
  1907 | D:3      | Reached skill level 5 in Fighting
  1907 | D:3      | Reached XP level 5. HP: 8/48 MP: 4/4
  2813 | D:3      | Found a glowing golden altar of the Shining One.
  2813 | D:3      | Noticed Robin
  2823 | D:3      | Reached *** piety under Trog
  2830 | D:3      | Killed Robin
  3037 | D:4      | Noticed Duvessa
  3037 | D:4      | Noticed Dowan
  3037 | D:4      | Noticed Edmund
  3037 | D:4      | Noticed Pikel
  3037 | D:4      | Noticed a lemure
  3037 | D:4      | Noticed a lemure
  3037 | D:4      | Found a basalt altar of Yredelemnul.
  3038 | D:4      | Noticed a lemure
  3040 | D:4      | Killed Dowan
  3040 | D:4      | Noticed a lemure
  3041 | D:4      | Reached skill level 6 in Axes
  3041 | D:4      | Reached XP level 6. HP: 56/56 MP: 5/5
  3061 | D:4      | Slain by Edmund

Illustrated notes

Levels and vault maps discovered:
D:1:      lightli_arrival_farm, layout_basic,
          shapermc_ecumenical_altar_mp_urbaneastern, minmay_tiny_reverse_x
D:2:      layout_basic, columned_hall_lemuel, minmay_misc_feat_x, uniq_jessica
D:3:      layout_loops_ring, lemuel_round_altar, hangedman_decor_growths,
          uniq_robin
D:4:      minmay_opposing_rooms, layout_rooms, mainiacjoe_overflow_alcove_4,
          mainiacjoe_overflow_tiny_flanked, yredelemnul_altar_generic,
          minmay_fractal_squares_gapless_5, uniq_duvessa, uniq_edmund,
          uniq_menkaure, uniq_pikel

Skill      XL: |  1  2  3  4  5 |
---------------+----------------+-----
Axes           | 4 5 6 |  6.1
Fighting       | 4 5 |  5.3
Armour         | 4 |  4.2
Dodging        | |  2.9
Stealth        | |  0.2

Action                   |  1- 3 |  4- 6 || total
-------------------------+-------+-------++-------
Melee: Hand axe          |    98 |    95 ||   193
       Headbutt          |    12 |    12 ||    24
       Punch             |     1 |     1 ||     2
Invok: Berserk           |       |     2 ||     2
  Use: Scroll            |       |     3 ||     3
Armor: Animal skin       |     5 |       ||     5
       Scale mail        |    25 |    49 ||    74
Dodge: Dodged            |    71 |    53 ||   124
